 Dungeon Crawl Stone Soup version 0.20-a0-16-g0876c8e (webtiles) character file.

543 JeffiDaFish the Shield-Bearer (level 7, -1/44 HPs)
             Began as a Gargoyle Fighter on Nov 5, 2016.
             Killed from afar by an orc wizard (11 damage)
             ... with a puff of flame
             ... on level 4 of the Dungeon.
             The game lasted 00:11:10 (3157 turns).

JeffiDaFish the Shield-Bearer (Gargoyle Fighter)    Turns: 3157, Time: 00:11:11

Health: -1/44      AC: 19    Str: 21    XL:     7   Next: 27%
Magic:  7/7        EV:  6    Int:  9    God:
Gold:   232        SH:  9    Dex:  9    Spells: 0 memorised, 6 levels left

rFire  . . .     SeeInvis .     a - +2 rapier
rCold  + . .     Gourm    .     n - +0 chain mail
rNeg   + . .     Faith    .     c - +0 shield
rPois  ∞         Spirit   .     j - +2 hat
rElec  +         Reflect  .     o - +2 cloak
rCorr  .         Harm     .     (no gloves)
MR     .....                    (no boots)
Stlth  ..........               (no amulet)
                                i - ring of protection from cold
                                (no ring)

@: no status effects
A: negative energy resistance 1, electricity resistance, unbreathing,
petrification resistance, rot immunity, AC +4
a: no special abilities


You were on level 4 of the Dungeon.
You were not hungry.

You visited 1 branch of the dungeon, and saw 4 of its levels.

You collected 232 gold pieces.

Inventory:

Hand Weapons
 a - a +2 rapier (weapon)
Armour
 c - a +0 shield (worn)
 j - a +2 hat (worn)
 n - a +0 chain mail (worn)
 o - a +2 cloak (worn)
Jewellery
 i - a ring of protection from cold (right hand)
 m - an uncursed ring of magical power
Wands
 b - a wand of paralysis (7/24)
Scrolls
 k - a scroll of magic mapping
 r - 3 scrolls of identify
Potions
 d - a potion of might
 h - 2 potions of haste
 p - a potion of curing
 q - a potion of cancellation
Books
 e - a book of Minor Magic

   Spells                             Type                      Level
   a - Magic Dart                     Conjuration                  1
   b - Blink                          Translocation                2
   c - Call Imp                       Summoning                    2
   d - Repel Missiles                 Charms/Air                   2
   e - Slow                           Hexes                        2
   f - Conjure Flame                  Conjuration/Fire             3
   g - Mephitic Cloud                 Conjuration/Poison/Air       3
Comestibles
 f - 3 bread rations
 g - 2 meat rations


   Skills:
 + Level 4.6 Fighting
 + Level 4.8 Short Blades
 + Level 4.5 Armour
 + Level 0.5 Dodging
 + Level 0.5 Stealth
 + Level 4.9 Shields


You had 6 spell levels left.
You didn't know any spells.

Dungeon Overview and Level Annotations

Branches:
Dungeon (4/15)
 Temple: D:4-7

Altars:
Ashenzari
Cheibriados
Dithmenos
Hepliaklqana
Kikubaaqudgha
Qazlal
Vehumet

Shops:
D:4 (


Innate Abilities, Weirdness & Mutations

You are resistant to torment.
Your stone body is resilient. (AC +4)
You are immune to poison.
You resist negative energy. (rN+)
You are resistant to electric shocks. (rElec)
You can survive without breathing.
You are immune to petrification.
You are immune to rotting.


Message History

The orc priest is almost dead.
The orc hits you but does no damage. The orc wizard barely misses you.
Something hits you.
* * * LOW HITPOINT WARNING * * *
The orc priest hits you but does no damage.
The orc hits you but does no damage.
You hit the orc priest.
You kill the orc priest!
The orc wizard points at you and mumbles some strange words.
The magic dart hits you!
* * * LOW HITPOINT WARNING * * *
Something hits you but does no damage. The orc wizard casts a spell at you.
The puff of frost hits you! You resist.
* * * LOW HITPOINT WARNING * * *
Okay, then.
You feel better. The orc hits you but does no damage.
The orc wizard gestures at you while chanting.
The puff of flame hits you!
You die...

.................#
.................#
.................#
.................#
.................#
+#########.......#
#.......#
#......)#
#.....o@#
#.....o{oo.....
#......oo......
...............
#..............
#..............
#..............
#..............


You could see 2 orc wizards and 4 orcs.

Vanquished Creatures
  A centaur skeleton (D:4)
  2 orc priests
  Crazy Yiuf (D:2)
  8 orc wizards (D:4)
  A worker ant (D:4)
  A hound skeleton (D:3)
  A howler monkey skeleton (D:4)
  4 gnolls (D:3)
  4 adders
  An ooze (D:2)
  2 dart slugs
  3 worms
  3 leopard geckos
  10 orcs
  3 giant cockroaches
  3 goblins
  9 hobgoblins
  4 jackals
  A quokka (D:2)
  A ball python (D:3)
  4 bats
  5 frilled lizards
  7 kobolds
  5 rats
84 creatures vanquished.

Vanquished Creatures (others)
  An orc (D:4)
1 creature vanquished.

Grand Total: 85 creatures vanquished

Notes
Turn   | Place    | Note
-------+----------+-------------------------------------------
     0 | D:1      | JeffiDaFish the Gargoyle Fighter began the quest for the Orb.
     0 | D:1      | Reached XP level 1. HP: 14/14 MP: 1/1
   164 | D:1      | Reached XP level 2. HP: 13/19 MP: 2/2
   750 | D:2      | Reached XP level 3. HP: 20/23 MP: 3/3
   821 | D:2      | Found a stormy altar of Qazlal.
  1086 | D:2      | Found a runed door.
  1175 | D:2      | Noticed Crazy Yiuf
  1191 | D:2      | Killed Crazy Yiuf
  1191 | D:2      | Reached XP level 4. HP: 19/29 MP: 4/4
  1582 | D:3      | Reached XP level 5. HP: 33/33 MP: 5/5
  2005 | D:3      | Found an ancient bone altar of Kikubaaqudgha.
  2008 | D:3      | Found a hazy altar of Hepliaklqana.
  2011 | D:3      | Found a shadowy altar of Dithmenos.
  2014 | D:3      | Found a shattered altar of Ashenzari.
  2128 | D:3      | Found a snail-covered altar of Cheibriados.
  2328 | D:3      | Reached XP level 6. HP: 36/38 MP: 6/6
  2766 | D:4      | Reached XP level 7. HP: 44/44 MP: 7/7
  2851 | D:4      | Found a radiant altar of Vehumet.
  3081 | D:4      | Found Mosk's Weapon Shoppe.
  3156 | D:4      | HP: 1/44 [orc wizard/puff of frost (2)]
  3157 | D:4      | Killed from afar by an orc wizard

Vault maps used:
D:1:      lordsloth_arrival_two_stooges
D:2:      lemuel_coloured_pillars_altar, first_bread, grunt_ministairs_1,
          uniq_crazy_yiuf_cottage
D:3:      minmay_wonky_spiral, kennysheep_slug_shrine,
          grunt_temple_overflow_cloverleaf
D:4:      lemuel_round_altar, vehumet_crystals, serial_shops,
          nicolae_shop_statue_plus, minmay_a_box_with_orc_wizards_in_it

Skill      XL: |  1  2  3  4  5  6 |
---------------+-------------------+-----
Short Blades   | 2 3 4 |  4.8
Armour         | 4 |  4.5
Shields        | 4 |  4.9
Fighting       | 4 |  4.6
Dodging        | |  0.5
Stealth        | |  0.5

Action                   |  1- 3 |  4- 6 |  7- 9 || total
-------------------------+-------+-------+-------++-------
Melee: Rapier            |   129 |   222 |    61 ||   412
  Use: Scroll            |     5 |     4 |     1 ||    10
       Potion            |     4 |     3 |     2 ||     9
  Eat: Chunk             |     1 |     5 |     2 ||     8
Armor: Scale mail        |    16 |       |       ||    16
       Chain mail        |    52 |   123 |    81 ||   256
Dodge: Dodged            |    31 |    35 |    24 ||    90
Block: Shield            |    44 |    84 |    34 ||   162
